[Event "Team 45 45 League T60"]
[Site "Internet Chess Club"]
[Date "2014.03.29"]
[Round "5"]
[White "chesskix"]
[Black "Chess4Him"]
[Result "0-1"]
[WhiteElo "1349"]
[BlackElo "1489"]
[Opening "Réti opening"]
[ECO "A04"]
[Time "17:00:23"]
[TimeControl "2700+45"]

1. Nf3 g6 2. c4 Bg7 3. Nc3 d6 4. e4 c5 5. Be2 Nc6 6. O-O Nh6 7. d3 O-O 8. Bd2 f5
9. Qc1 fxe4 10. dxe4 Nf7 11. Nd5 e6 12. Ne3 Nd4 13. Nxd4 cxd4 14. Ng4 e5 15. h3
Qh4 16. Rb1 Bxg4 17. Bxg4 h5 18. Be6 Kh7 19. Bd5 Rab8 20. a4 b6 21. b4 Bh6 22.
Bxh6 Nxh6 23. Rb3 Qe7 24. Qd2 Qd7 25. b5 Rf6 26. Rg3 Rbf8 27. Qg5 Qe7 28. Rf3
Ng8 29. Bxg8+ Kxg8 30. Rg3 Kh7 31. Qd2 Qc7 32. Qd3 Qf7 33. f3 Rf4 34. Kh2 Qe7
35. Rh1 Rc8 36. Rb1 Qe6 37. Rb4 Qe7 38. Rb1 Qc7 39. Rc1 Qc5 40. Rc2 Qb4 41. c5
Rxc5 42. Rxc5 dxc5 43. Rg5 c4 44. Qd1 Qc5 45. Qc1 c3 46. Qc2 Kh6 47. Rg3 Qc4 48.
Kg1 d3 49. Qc1 d2 50. Qc2 Qd4+ {White resigns} 0-1

[Event "Team 45 45 League T60"]
[Site "Internet Chess Club"]
[Date "2014.03.31"]
[Round "5"]
[White "RobertBuice"]
[Black "kingsrook"]
[Result "0-1"]
[WhiteElo "1059"]
[BlackElo "1332"]
[Opening "Queen's gambit declined"]
[ECO "D30"]
[Time "18:00:32"]
[TimeControl "2700+45"]

1. d4 d5 2. c4 e6 3. Nf3 c5 4. Nc3 Nc6 5. Bg5 Nf6 6. e3 Be7 7. cxd5 exd5 8. Bd3
c4 9. Be2 O-O 10. a3 Be6 11. Bxf6 Bxf6 12. O-O Qd7 13. b3 cxb3 14. Qxb3 Na5 15.
Qa4 Qxa4 16. Nxa4 b6 17. Ba6 Rfd8 18. Rac1 Nc4 19. Bxc4 dxc4 20. Ne5 Bxe5 21.
dxe5 Rac8 22. Rfd1 h6 23. Nc3 Kh7 24. h3 Rd3 25. Nb5 a6 26. Nd6 Rd8 27. Rxd3
cxd3 28. Rd1 f6 29. Rxd3 fxe5 30. Kf1 Bc4 31. Nxc4 Rxd3 32. Ke2 e4 33. f3 Rc3
34. Nxb6 exf3+ 35. gxf3 Rxa3 36. Nd5 a5 37. e4 Rb3 38. Kd2 a4 39. Nc3 a3 40. Kc2
Rb2+ 41. Kc1 Rh2 42. Na2 Rxa2 43. Kb1 Rf2 44. e5 Kg6 45. e6 Kf6 46. Ka1 Kxe6 47.
h4 Kf5 48. h5 Kg5 49. f4+ Kxf4 50. Kb1 Kg4 51. Ka1 Kxh5 52. Kb1 g5 53. Ka1 g4
{White resigns} 0-1

[Event "Team 45 45 League T60"]
[Site "Internet Chess Club"]
[Date "2014.03.26"]
[Round "5"]
[White "Shaggy88"]
[Black "Nxs123"]
[Result "1-0"]
[WhiteElo "1666"]
[BlackElo "1596"]
[Opening "French: exchange variation"]
[ECO "C01"]
[Time "20:02:10"]
[TimeControl "2700+45"]

1. e4 e6 2. d4 d5 3. exd5 exd5 4. Nf3 Nc6 5. Bb5 Ne7 6. O-O g6 7. Re1 Bg7 8.
Bxc6+ bxc6 9. Qe2 Bd7 10. Bg5 f6 11. Bf4 Rb8 12. Bxc7 {Black resigns} 1-0

[Event "Team 45 45 League T60"]
[Site "Internet Chess Club"]
[Date "2014.03.30"]
[Round "5"]
[White "bluesun"]
[Black "stanbeers"]
[Result "1-0"]
[WhiteElo "1415"]
[BlackElo "1516"]
[Opening "French: Tarrasch, closed variation"]
[ECO "C05"]
[Time "20:00:50"]
[TimeControl "2700+45"]

1. e4 e6 2. d4 d5 3. Nd2 Nf6 4. e5 Nfd7 5. f4 c5 6. c3 Nc6 7. Ngf3 Be7 8. Bd3
O-O 9. O-O b6 10. Ne1 f5 11. Nc2 cxd4 12. cxd4 a5 13. Qe2 Ndb8 14. Rf3 Ba6 15.
Bxa6 Nxa6 16. Rh3 Nab4 17. Nxb4 Bxb4 18. Qh5 h6 19. Nf3 Qe8 20. Qh4 Be7 21. Qg3
Kh8 22. Bd2 Ra7 23. Qf2 Bb4 24. Be3 Be7 25. a3 b5 26. Ng5 Bxg5 27. fxg5 h5 28.
g6 Qxg6 29. Qf3 Kg8 30. Rxh5 f4 31. Rf1 Raf7 32. Qh3 Rf5 33. Rh8+ Kf7 34. Rxf8+
Kxf8 35. Bxf4 Nxd4 36. Qe3 Nc6 37. Qc5+ Ne7 38. Qxb5 Kg8 39. Qxa5 Kh7 40. Qe1
Rh5 41. Qg3 Qe8 42. Qd3+ Kg8 43. g4 Rh7 44. Bg3 Qa4 45. Rf4 Qc6 46. Qc3 Qa6 47.
Qc7 Qc8 48. Qxe7 Qc1+ 49. Rf1 Qe3+ 50. Bf2 Qf3 51. Qxe6+ Qf7 52. Bc5 g5 53. Rxf7
Rxf7 54. Qg6+ {Black resigns} 1-0

[Event "Team 45 45 League T60"]
[Site "Internet Chess Club"]
[Date "2014.03.29"]
[Round "5"]
[White "oldprez"]
[Black "ethan0627"]
[Result "0-1"]
[WhiteElo "1335"]
[BlackElo "1415"]
[Opening "Vienna gambit"]
[ECO "C29"]
[Time "20:03:31"]
[TimeControl "2700+45"]

1. e4 e5 2. f4 Nf6 3. Nc3 Nc6 4. Nf3 d6 5. Bc4 g6 6. Ng5 Bg4 7. Ne2 d5 8. exd5
Nxd5 9. d3 Nd4 10. Nf3 Bxf3 11. gxf3 Qh4+ 12. Ng3 Nxf4 13. Qd2 Nxf3+ {White
resigns} 0-1

[Event "Team 45 45 League T60"]
[Site "Internet Chess Club"]
[Date "2014.03.31"]
[Round "5"]
[White "MasterD"]
[Black "Fogbound"]
[Result "0-1"]
[WhiteElo "1261"]
[BlackElo "1296"]
[Opening "Caro-Kann: advance variation"]
[ECO "B12"]
[Time "08:00:19"]
[TimeControl "2700+45"]

1. e4 c6 2. d4 d5 3. e5 c5 4. Be3 Nc6 5. f4 e6 6. Nf3 Nh6 7. Bb5 Nf5 8. Bxc6+
bxc6 9. Bf2 Ba6 10. dxc5 Be7 11. Nc3 O-O 12. a3 Qc7 13. b4 Rad8 14. Nd4 Bc4 15.
Nxf5 exf5 16. Ne2 Qc8 17. O-O Qe6 18. Nd4 Qh6 19. Ne2 Qh5 20. Re1 Qg6 21. Ng3
Bh4 22. Re3 d4 23. Rf3 Bd5 24. Rd3 Bxg3 25. Bxg3 Qe6 26. Rxd4 Rd7 27. c4 Rfd8
28. cxd5 Rxd5 29. Rxd5 Rxd5 30. Qf3 Qd7 31. Kf1 Rd3 32. Qh5 Qd4 33. Qxf5 Qxa1+
34. Ke2 Qd1+ 35. Kf2 Qc2+ {White resigns} 0-1

[Event "Team 45 45 League T60"]
[Site "Internet Chess Club"]
[Date "2014.03.29"]
[Round "5"]
[White "HorseRadish"]
[Black "fuzzface"]
[Result "1-0"]
[WhiteElo "1519"]
[BlackElo "1337"]
[Opening "Scotch gambit"]
[ECO "C44"]
[Time "07:30:16"]
[TimeControl "2700+45"]

1. e4 e5 2. Nf3 Nc6 3. d4 exd4 4. Bc4 Bb4+ 5. c3 dxc3 6. bxc3 Bc5 7. Bxf7+ Kxf7
8. Qd5+ Ke8 9. Qxc5 h6 10. Qh5+ Kf8 11. Ba3+ d6 12. O-O Nf6 13. Qg6 Ne7 14. Qg3
Nxe4 15. Qf4+ Nf6 16. Re1 Ng6 17. Qg3 Ne7 18. Nh4 Nh5 19. Qd3 Nf4 20. Qe4 Ne6
21. Nd2 Qe8 22. Re2 Qf7 23. Re3 Ng5 24. Qxe7+ Qxe7 25. Ng6+ Kf7 26. Nxe7 Be6 27.
h4 Nh7 28. Rae1 Nf8 29. f4 Bg4 30. Nd5 Ng6 31. g3 Rae8 32. Rxe8 Rxe8 33. Rxe8
Kxe8 34. Nxc7+ Kd7 35. Nb5 a6 36. Nxd6 Kc6 37. c4 b6 38. Kf2 Ne7 39. Nf7 Ng6 40.
Ne5+ Nxe5 41. fxe5 Kd7 42. Ke3 Ke6 43. Bd6 g5 44. hxg5 hxg5 45. Nf3 Kd7 46. Nxg5
Bd1 47. Kd4 Bc2 48. Ne4 Bb1 49. a3 b5 50. cxb5 axb5 51. g4 Bc2 52. g5 Bb3 53. g6
Ke6 54. g7 Kf5 55. Nf6 {Black resigns} 1-0

[Event "Team 45 45 League T60"]
[Site "Internet Chess Club"]
[Date "2014.04.01"]
[Round "5"]
[White "tamky70"]
[Black "Arawn"]
[Result "1-0"]
[WhiteElo "1363"]
[BlackElo "1216"]
[Opening "Bird's opening"]
[ECO "A03"]
[Time "19:30:47"]
[TimeControl "2700+45"]

1. f4 d5 2. Nf3 c5 3. d3 Nc6 4. e4 d4 5. Be2 f6 6. O-O h6 7. Nh4 Qb6 8. Bh5+ Kd8
9. Ng6 e6 10. Nxh8 Nge7 11. Ng6 e5 12. Nxf8 exf4 13. Rxf4 Ne5 14. Na3 g6 15. Bg4
g5 16. Bxc8 Rxc8 17. Rf1 Kc7 18. Nh7 Rh8 19. Rxf6 Rxh7 20. Rxb6 Kxb6 21. Nc4+
Nxc4 22. dxc4 Rf7 23. Qg4 Ka5 24. Bd2+ Ka4 25. Qd7+ Nc6 26. Qxf7 Nb4 27. Bxb4
Kxb4 28. Rf1 h5 29. Rf3 g4 30. Rb3+ Ka4 31. Qxb7 a5 32. Qb5# {Black checkmated}
1-0

[Event "Team 45 45 League T60"]
[Site "Internet Chess Club"]
[Date "2014.03.29"]
[Round "5"]
[White "Berke"]
[Black "jaybird44"]
[Result "1-0"]
[WhiteElo "1458"]
[BlackElo "1119"]
[Opening "Sicilian: Tartakower variation"]
[ECO "B22"]
[Time "10:00:10"]
[TimeControl "2700+45"]

1. e4 c5 2. c3 d6 3. d4 cxd4 4. Nf3 dxc3 5. Nxc3 Nc6 6. Bc4 a6 7. h3 Nf6 8. e5
dxe5 9. Qxd8+ Nxd8 10. Nxe5 e6 11. O-O b5 12. Bb3 Bd6 13. Nf3 O-O 14. Be3 Bd7
15. Rfd1 Be5 16. Nxe5 Be8 17. Rac1 Nc6 18. Nxc6 Bxc6 19. Ne2 Be4 20. f3 Bb7 21.
Bg5 Nd5 22. Kf2 f6 23. Be3 Rac8 24. Rxc8 Rxc8 25. Nd4 e5 26. Nf5 Rd8 27. Ne7+
Kf7 28. Nxd5 Bxd5 29. Rxd5 Ke7 30. Bc5+ Ke8 31. Bb6 Rxd5 32. Bxd5 Kd7 33. b4 Kd6
34. Bb3 f5 35. a4 e4 36. fxe4 fxe4 37. Ke3 Ke5 38. axb5 axb5 39. Bc7+ Kf5 40.
g4+ Kg5 41. Bg3 h5 42. gxh5 Kxh5 43. Kxe4 g5 44. Be6 g4 45. h4 Kg6 46. Bd7 Kf6
47. Bxb5 Ke6 48. Bc6 Kf6 49. Bd6 Ke6 50. Bc5 g3 51. b5 g2 52. b6 g1=Q 53. Bxg1
Kd6 54. b7 Kc7 55. Kd5 Kb8 56. Bh2+ Ka7 57. b8=Q+ Ka6 58. Qb5+ Ka7 59. Bb8#
{Black checkmated} 1-0

[Event "Team 45 45 League T60"]
[Site "Internet Chess Club"]
[Date "2014.03.31"]
[Round "5"]
[White "wildangels"]
[Black "WzeroMN"]
[Result "1/2-1/2"]
[WhiteElo "1115"]
[BlackElo "1139"]
[Opening "French defense"]
[ECO "C00"]
[Time "10:00:26"]
[TimeControl "2700+45"]

1. e4 e6 2. g3 d5 3. d3 Nf6 4. Bg5 Be7 5. Nd2 Nxe4 6. Bxe7 Qxe7 7. dxe4 Qb4 8.
c3 Qxb2 9. Ne2 dxe4 10. Nxe4 Qa3 11. Bg2 Nc6 12. O-O O-O 13. Nf4 e5 14. Nd5 Kh8
15. Nxc7 Rd8 16. Qe2 Rb8 17. Rad1 Qe7 18. Nb5 a6 19. Nbd6 Be6 20. Qe3 f5 21. Ng5
Rxd6 22. Rxd6 Qxd6 23. Nxe6 Qxe6 24. Qb6 {Game drawn by mutual agreement}
1/2-1/2

[Event "Team 45 45 League T60"]
[Site "Internet Chess Club"]
[Date "2014.03.30"]
[Round "5"]
[White "stantheman59"]
[Black "SeniorCitizen"]
[Result "0-1"]
[WhiteElo "1257"]
[BlackElo "1293"]
[Opening "French: exchange, Svenonius variation"]
[ECO "C01"]
[Time "11:04:08"]
[TimeControl "2700+45"]

1. e4 e6 2. d4 d5 3. exd5 exd5 4. Nc3 Nf6 5. Bg5 Be7 6. Qe2 O-O 7. O-O-O Nbd7 8.
h3 c6 9. h4 Re8 10. Qd2 Bb4 11. Nf3 Qa5 12. Bd3 Bxc3 13. Qxc3 Qxc3 14. bxc3 h6
15. Bxf6 Nxf6 16. Ne5 Nd7 17. Bf5 Nxe5 18. Bxc8 Raxc8 19. dxe5 Rxe5 20. Rhe1
Rce8 21. Rxe5 Rxe5 22. Kd2 Kf8 23. Kd3 b6 24. Rd2 Re4 25. g3 Ra4 26. f3 Rxa2 27.
Kd4 f6 28. h5 Ra4+ 29. Kd3 Rc4 30. Re2 Kf7 31. Re1 Ra4 32. g4 Rf4 33. Re3 a5 34.
c4 Rxc4 35. Re1 b5 36. Rb1 Ra4 37. c3 Rc4 38. Ra1 Ra4 39. Rb1 Ra3 40. Kd4 Ra4+
41. Kc5 Rc4+ 42. Kb6 a4 43. Ra1 Rxc3 44. f4 a3 45. Ka5 Rc4 46. Rxa3 Ra4+ 47.
Rxa4 bxa4 48. Kxa4 Ke7 49. Kb4 Kd6 50. Kc3 c5 51. f5 Ke5 52. Kd3 Kf4 {White
resigns} 0-1

[Event "Team 45 45 League T60"]
[Site "Internet Chess Club"]
[Date "2014.03.29"]
[Round "5"]
[White "chips"]
[Black "tcianciola"]
[Result "0-1"]
[WhiteElo "1109"]
[BlackElo "1260"]
[Opening "Polish (Sokolsky) opening"]
[ECO "A00"]
[Time "07:00:36"]
[TimeControl "2700+45"]

1. b4 e5 2. Bb2 d6 3. e4 Nf6 4. d3 Be7 5. Nf3 O-O 6. g3 Bg4 7. Bg2 a6 8. O-O Nc6
9. a3 Qd7 10. Nbd2 Rfe8 11. Kh1 Nd4 12. Bxd4 exd4 13. Qc1 c5 14. c3 Qb5 15. Qc2
dxc3 16. Qxc3 Rac8 17. Qc4 Qb6 18. Ng5 Rf8 19. bxc5 Rxc5 20. Qb4 Qxb4 21. axb4
Rxg5 22. f3 Bd7 23. f4 Rb5 24. Rfb1 Rc8 25. d4 d5 26. e5 Ng4 27. Kg1 Bxb4 28.
Nf3 h6 29. Rc1 Rxc1+ 30. Rxc1 Ba3 31. Rc7 Be8 32. Bh3 Rb1+ 33. Kg2 Ne3+ 34. Kf2
Nc4 35. g4 Bc1 36. Rc8 Kf8 37. f5 Be3+ 38. Ke2 Rb2+ 39. Kd3 Bf4 40. Rd8 Rb3+ 41.
Ke2 Rb5 42. Bf1 a5 43. Kf2 a4 44. Ra8 a3 45. Bxc4 dxc4 46. Rxa3 Rb2+ 47. Kg1 b5
48. Rc3 Rb3 49. Rxb3 cxb3 50. Ne1 b2 {White resigns} 0-1

[Event "Team 45 45 League T60"]
[Site "Internet Chess Club"]
[Date "2014.03.29"]
[Round "5"]
[White "rgadoury"]
[Black "oldbookseller"]
[Result "1-0"]
[WhiteElo "1301"]
[BlackElo "979"]
[Opening "Four knights: Spanish, classical defense"]
[ECO "C48"]
[Time "13:00:54"]
[TimeControl "2700+45"]

1. e4 e5 2. Nf3 Nc6 3. Bb5 Nf6 4. Nc3 Bc5 5. O-O O-O 6. Bxc6 dxc6 7. Nxe5 Qd6 8.
Nf3 Qe7 9. d3 Bd6 10. Re1 Be6 11. e5 Nd5 12. exd6 cxd6 13. Nxd5 cxd5 14. Nd4 Qf6
15. Nxe6 fxe6 16. Rf1 Rf7 17. d4 Raf8 18. Be3 Qh4 19. Qd2 h6 20. f3 g5 21. Bf2
Qh5 22. Bg3 Rg7 23. Bxd6 Rff7 24. Rae1 Rf6 25. Be5 Rfg6 26. Bxg7 Rxg7 27. Rxe6
g4 28. Qe3 g3 29. Re8+ Kf7 30. hxg3 Rxg3 31. Qe7+ Kg6 32. Rg8+ Kf5 33. Qe5#
{Black checkmated} 1-0

[Event "Team 45 45 League T60"]
[Site "Internet Chess Club"]
[Date "2014.03.31"]
[Round "5"]
[White "Betablinx"]
[Black "Buford-Julep"]
[Result "1-0"]
[WhiteElo "1848"]
[BlackElo "1724"]
[Opening "English opening"]
[ECO "A05"]
[Time "15:01:20"]
[TimeControl "2700+45"]

1. Nf3 Nf6 2. c4 g6 3. b4 Bg7 4. Bb2 O-O 5. g3 d5 6. cxd5 Nxd5 7. Bxg7 Kxg7 8.
Qb3 Qd6 9. a3 e5 10. Bg2 Bg4 11. Nc3 Nf6 12. Ng5 Nc6 13. Nce4 Nxe4 14. Nxe4 Qd4
15. Qc3 Rad8 16. e3 Qxc3 17. Nxc3 Rd7 18. Bxc6 bxc6 19. Na4 Rfd8 20. Ra2 Be6 21.
Rb2 Rd3 22. Nc5 Bd5 23. Nxd3 Bxh1 24. Nxe5 f6 25. Nc4 Rd3 26. Ke2 Rd5 27. d3 Rb5
28. a4 Rb8 29. e4 h5 30. Ne3 c5 31. b5 c4 32. Nxc4 Bg2 33. Ne3 Bh3 34. Rc2 Rb7
35. Nd5 Be6 36. Rxc7+ Rxc7 37. Nxc7 Bb3 38. a5 Ba4 39. b6 axb6 40. axb6 Bc6 41.
Nb5 Kf7 42. Nd6+ Ke6 43. b7 {Black resigns} 1-0

[Event "Team 45 45 League T60"]
[Site "Internet Chess Club"]
[Date "2014.03.29"]
[Round "5"]
[White "leopardc"]
[Black "crazyhorses"]
[Result "1-0"]
[WhiteElo "1615"]
[BlackElo "1370"]
[Opening "Sicilian: closed"]
[ECO "B23"]
[Time "16:06:29"]
[TimeControl "2700+45"]

1. e4 c5 2. Nc3 d6 3. g3 Nf6 4. Bg2 g6 5. d3 Bg7 6. Be3 O-O 7. Nge2 Nc6 8. O-O
Rb8 9. d4 cxd4 10. Nxd4 Nxd4 11. Bxd4 b6 12. h3 Bb7 13. Kh2 Qd7 14. Nd5 Nxd5 15.
Bxg7 Kxg7 16. exd5 Qb5 17. b3 Rbc8 18. c4 Qc5 19. Rc1 a5 20. Qe2 Rfe8 21. f4 e6
22. Qb2+ Kg8 23. a3 b5 24. b4 axb4 25. axb4 Qb6 26. c5 dxc5 27. bxc5 Rxc5 28.
Rxc5 Qxc5 29. dxe6 Bxg2 30. exf7+ Kxf7 31. Qxg2 Qc4 32. Rf2 Re3 33. f5 g5 34.
Qb7+ Re7 35. Qf3 Kf6 36. Qh5 g4 37. Qh6+ Ke5 38. f6 Rf7 39. Qg5+ Ke6 40. Qf5+
Kd6 41. Rd2+ Kc6 42. Rc2 {Black resigns} 1-0

[Event "Team 45 45 League T60"]
[Site "Internet Chess Club"]
[Date "2014.03.27"]
[Round "5"]
[White "caglar"]
[Black "pauliewoll"]
[Result "1-0"]
[WhiteElo "1605"]
[BlackElo "1544"]
[Opening "Sicilian: Alapin's variation (2.c3)"]
[ECO "B22"]
[Time "17:14:08"]
[TimeControl "2700+45"]

1. e4 c5 2. c3 d5 3. exd5 Qxd5 4. d4 Nf6 5. Nf3 Bg4 6. Nbd2 Nc6 7. Bc4 Bxf3 8.
Qb3 Na5 9. Qb5+ Qd7 10. Nxf3 Nxc4 11. Qxc4 cxd4 12. Nxd4 Rc8 13. Qe2 e6 14. Bg5
Be7 15. Rd1 Qd5 16. Qb5+ Qxb5 17. Nxb5 Rc5 18. Bxf6 Rxb5 19. Bxe7 Re5+ 20. Kd2
Kxe7 21. Kc2 Re2+ 22. Rd2 Rxd2+ 23. Kxd2 Rd8+ 24. Kc2 e5 25. Rd1 Rxd1 26. Kxd1
f5 27. Kd2 Kd6 28. Kd3 g5 29. g4 fxg4 30. Ke4 Ke6 31. a4 h5 32. b4 h4 33. c4 g3
34. fxg3 hxg3 35. hxg3 g4 36. c5 a6 37. b5 axb5 38. axb5 {Black resigns} 1-0

[Event "Team 45 45 League T60"]
[Site "Internet Chess Club"]
[Date "2014.03.29"]
[Round "5"]
[White "SirIvanhoe"]
[Black "kingphisch"]
[Result "0-1"]
[WhiteElo "1607"]
[BlackElo "1507"]
[Opening "Caro-Kann: classical variation"]
[ECO "B18"]
[Time "13:02:05"]
[TimeControl "2700+45"]

1. e4 c6 2. d4 d5 3. Nc3 dxe4 4. Nxe4 Bf5 5. Ng3 Bg6 6. Bc4 e6 7. N1e2 Nf6 8.
O-O Nbd7 9. f4 Be4 10. Nc3 Bd5 11. Bd3 Bd6 12. Nce2 c5 13. c3 O-O 14. Kh1 Qc7
15. f5 e5 16. c4 exd4 17. cxd5 Nxd5 18. a3 Rfe8 19. Bc4 N7f6 20. Rf3 Nb6 21. Ba2
Rad8 22. Qd3 c4 23. Qd1 d3 24. Nc3 a6 25. Qf1 Nbd7 26. Bf4 Ne5 27. Rf2 Neg4 28.
Rf3 Bxf4 29. Rxf4 Ne3 30. Qf3 b5 31. Nf1 Ned5 32. Rd4 Qe5 33. Nxd5 Qxd4 34. Nc7
Re7 35. Nxa6 Qxb2 36. Qd1 Ne4 37. Kg1 Qf2+ 38. Kh1 Qe2 39. Nb4 Nf2+ {White
resigns} 0-1

[Event "Team 45 45 League T60"]
[Site "Internet Chess Club"]
[Date "2014.03.28"]
[Round "5"]
[White "PJ"]
[Black "AlliesterMX"]
[Result "1-0"]
[WhiteElo "1652"]
[BlackElo "1847"]
[Opening "Robatsch (modern) defense"]
[ECO "B06"]
[Time "15:00:38"]
[TimeControl "2700+45"]

1. e4 g6 2. d4 Bg7 3. Be3 d6 4. Bd3 c6 5. Ne2 e5 6. c3 Nf6 7. f3 Nh5 8. g4 Nf6
9. Qd2 Be6 10. Bh6 Bxh6 11. Qxh6 Nbd7 12. Na3 Qe7 13. c4 exd4 14. Nxd4 O-O-O 15.
Qe3 Kb8 16. O-O-O Nc5 17. Bc2 Nfd7 18. b4 Na6 19. b5 Nb4 20. Qb3 Nxc2 21. bxc6
Nc5 22. Qxc2 b6 23. Qb2 Qg5+ 24. Kb1 Bc8 25. Ndb5 Ka8 26. Rd5 Qf4 27. Rhd1 Be6
28. Rxd6 Rc8 29. Nxa7 Kxa7 30. Nb5+ Kb8 31. Qa3 Rc7 32. Nxc7 Kxc7 33. Qa7+ Kc8
34. Qa8+ Kc7 35. Qxh8 Qxf3 {Black resigns} 1-0

[Event "Team 45 45 League T60"]
[Site "Internet Chess Club"]
[Date "2014.04.05"]
[Round "5"]
[White "QuieroAprender"]
[Black "zap2"]
[Result "1/2-1/2"]
[WhiteElo "1715"]
[BlackElo "1724"]
[Opening "Caro-Kann defense"]
[ECO "B10"]
[Time "15:02:24"]
[TimeControl "2700+45"]

1. e4 c6 2. b3 d5 3. e5 Bf5 4. Bb2 e6 5. d4 Nd7 6. Bd3 Ne7 7. g4 Bg6 8. f4 Bxd3
9. Qxd3 c5 10. c4 cxd4 11. Bxd4 Nc6 12. cxd5 Nxd4 13. Qxd4 Qa5+ 14. Nd2 {Game
drawn by mutual agreement} 1/2-1/2

[Event "Team 45 45 League T60"]
[Site "Internet Chess Club"]
[Date "2014.03.29"]
[Round "5"]
[White "SATELLITE-DAN"]
[Black "ElMarginal"]
[Result "1-0"]
[WhiteElo "1658"]
[BlackElo "1458"]
[Opening "Queen's pawn game"]
[ECO "E10"]
[Time "16:08:35"]
[TimeControl "2700+45"]

1. d4 Nf6 2. c4 e6 3. Nf3 c5 4. e3 Nc6 5. Nc3 Qa5 6. Bd2 cxd4 7. Nxd4 Bb4 8. a3
Bxc3 9. Bxc3 Qg5 10. Nf3 Qc5 11. Bd3 e5 12. Qc2 a5 13. O-O Qe7 14. e4 b6 15. Bd2
O-O 16. Be3 Rb8 17. Qc3 d6 18. Rab1 h6 19. b4 Bg4 20. Nd2 axb4 21. axb4 Rfc8 22.
b5 Nd8 23. Qb4 Ne6 24. f4 Nc5 25. Bxc5 dxc5 26. Qc3 exf4 27. Rxf4 Bh5 28. e5 Rd8
29. Nf3 Bxf3 30. Rxf3 Rd4 31. exf6 Qd6 32. Qc2 gxf6 33. Rg3+ Kf8 34. Re1 Rd8 35.
Bh7 Qxg3 36. hxg3 R8d6 37. Qc1 Kg7 38. Be4 Re6 39. Bd5 Rxe1+ 40. Qxe1 Kg6 41.
Qe8 Rd1+ 42. Kh2 Rxd5 43. cxd5 c4 44. Qe4+ {Black resigns} 1-0

[Event "Team 45 45 League T60"]
[Site "Internet Chess Club"]
[Date "2014.04.01"]
[Round "5"]
[White "GideonL"]
[Black "KingOfClubs"]
[Result "0-1"]
[WhiteElo "1444"]
[BlackElo "1383"]
[Opening "Sicilian"]
[ECO "B56"]
[Time "16:45:15"]
[TimeControl "2700+45"]

1. e4 c5 2. Nf3 Nc6 3. d4 cxd4 4. Nxd4 d6 5. Nc3 Nf6 6. Nxc6 bxc6 7. Bd3 e5 8.
O-O Be7 9. Bg5 Ng4 10. Bxe7 Qxe7 11. h3 Nf6 12. b3 O-O 13. f3 Nh5 14. Ne2 Qg5
15. Qc1 Nf4 16. Nxf4 exf4 17. Kh2 Qh4 18. Qe1 Qg5 19. Rg1 Qh6 20. g4 Re8 21. g5
Qxh3# {White checkmated} 0-1

[Event "Team 45 45 League T60"]
[Site "Internet Chess Club"]
[Date "2014.03.29"]
[Round "5"]
[White "anna"]
[Black "flyingpawns"]
[Result "0-1"]
[WhiteElo "1807"]
[BlackElo "1742"]
[Opening "French: advance, Euwe variation"]
[ECO "C02"]
[Time "16:19:02"]
[TimeControl "2700+45"]

1. e4 e6 2. d4 d5 3. e5 c5 4. c3 Nc6 5. Nf3 Bd7 6. Bd3 Qb6 7. Bc2 Nh6 8. a3 a5
9. O-O Be7 10. b3 O-O-O 11. dxc5 Bxc5 12. b4 Be7 13. Qe2 Nf5 14. Bxf5 exf5 15.
Nbd2 Be6 16. Nb3 a4 17. Nbd4 h6 18. Be3 Qc7 19. Nxc6 Qxc6 20. Rfc1 Kb8 21. Qc2
g5 22. Nd4 Qd7 23. Nxe6 fxe6 24. f3 f4 25. Bf2 h5 26. Qd2 Rhg8 27. Kh1 g4 28.
fxg4 hxg4 29. Rg1 g3 30. Bb6 Rdf8 31. Rgf1 Qc6 32. Bd4 Rh8 33. h3 Bg5 34. Qe2
Rh4 35. Kg1 Rfh8 36. Ra2 Qc7 37. Qd3 Qf7 38. Rf3 Qh5 39. Kf1 Rc8 40. Ke1 Rc4 41.
Re2 Be7 42. Kd2 Qe8 43. Re1 Rh8 44. Kd1 Rf8 45. Ref1 Bg5 46. Kc2 Rf5 47. Kb2 Qd7
48. Qe2 Bh6 49. Qd2 Rf8 50. Bc5 Rg8 51. Bd6+ Ka8 52. Qe2 Qc6 53. Rd3 Re4 54. Qd1
b5 55. Re1 Rxe1 56. Qxe1 Qc4 57. Qd1 Rc8 58. Bc5 Qe4 59. Bd4 Qxg2+ 60. Rd2 Qxh3
61. Qf3 Qf5 62. Re2 Rg8 63. Bg1 Bg7 64. Bd4 Rh8 65. Bg1 Bxe5 {White resigns} 0-1

[Event "Team 45 45 League T60"]
[Site "Internet Chess Club"]
[Date "2014.03.29"]
[Round "5"]
[White "bayoumicardio10"]
[Black "ausya"]
[Result "0-1"]
[WhiteElo "1533"]
[BlackElo "1843"]
[Opening "Sicilian: closed"]
[ECO "B23"]
[Time "17:00:52"]
[TimeControl "2700+45"]

1. e4 c5 2. Nc3 g6 3. f4 Nc6 4. Nf3 Bg7 5. Bb5 e6 6. O-O Nge7 7. d3 d5 8. e5 O-O
9. Bxc6 Nxc6 10. Qe1 Re8 11. a3 a6 12. Qg3 f6 13. Re1 Qc7 14. exf6 Bxf6 15. Ne5
Qd8 16. Nxg6 hxg6 17. Qxg6+ Kf8 18. Nxd5 exd5 19. Rxe8+ Qxe8 20. Qxf6+ Qf7 21.
Qxf7+ Kxf7 22. Bd2 Nd4 23. c3 Nb3 24. Rd1 Bg4 25. Re1 Nxd2 26. h3 Be6 27. g4
Nf3+ {White resigns} 0-1

[Event "Team 45 45 League T60"]
[Site "Internet Chess Club"]
[Date "2014.03.28"]
[Round "5"]
[White "vjbaker"]
[Black "uzi"]
[Result "0-1"]
[WhiteElo "1769"]
[BlackElo "1437"]
[Opening "Scandinavian gambit"]
[ECO "B01"]
[Time "16:32:49"]
[TimeControl "2700+45"]

1. e4 d5 2. exd5 Nf6 3. c4 c6 4. dxc6 Nxc6 5. Nf3 e5 6. Be2 e4 7. Ng1 Bc5 8. d3
Qd4 9. Be3 Qxb2 10. Nd2 Bxe3 11. fxe3 exd3 12. Bxd3 Nb4 13. Nb3 Qxg2 14. a3
Nxd3+ 15. Qxd3 Qxh1 16. O-O-O O-O 17. Nh3 Qxh2 18. Ng5 Qg2 19. Nd2 Qxg5 20. Nf3
Qc5 21. Rh1 Bf5 22. Qc3 Rac8 23. Nd2 Ne4 24. Nxe4 Bxe4 25. Rg1 g6 26. Kb2 Qxc4
27. Qe1 Bd5 28. Qc3 Qxc3+ 29. Kb1 Be4+ 30. Ka2 Qd2+ 31. Kb3 Bc2+ 32. Kb2 Bd1+
33. Kb1 Rc1# {White checkmated} 0-1

[Event "Team 45 45 League T60"]
[Site "Internet Chess Club"]
[Date "2014.03.27"]
[Round "5"]
[White "Hal2001"]
[Black "JasonModer"]
[Result "0-1"]
[WhiteElo "1526"]
[BlackElo "1758"]
[Opening "Sicilian: closed"]
[ECO "B23"]
[Time "19:03:31"]
[TimeControl "2700+45"]

1. e4 c5 2. Nc3 e6 3. f4 d5 4. Nf3 Nc6 5. Bb5 Ne7 6. O-O d4 7. Ne2 a6 8. Bxc6+
Nxc6 9. d3 Bd6 10. Ng3 O-O 11. Qe1 Ne7 12. Ne5 f5 13. Nf3 Ng6 14. e5 Bc7 15. c3
b5 16. cxd4 cxd4 17. Qb4 Bb7 18. Ne2 Ba5 19. Qb3 Bd5 20. Qd1 Bxf3 21. Rxf3 Rc8
22. Bd2 Bxd2 23. Qxd2 Qd5 24. Qb4 Rfd8 25. Qd2 Rc6 26. b3 Nh4 27. Rf2 Qxg2+ 28.
Rxg2 Nf3+ 29. Kh1 Nxd2 30. Nxd4 Rxd4 31. Rxd2 Rxf4 32. d4 Kf7 33. d5 exd5 34.
Rxd5 Ke6 35. Rad1 g6 36. Rd6+ Rxd6 37. Rxd6+ Kxe5 38. Rxa6 Rd4 39. a3 f4 40. Rb6
Rd5 41. Kg2 Rd2+ 42. Kg1 Rd5 43. Kf2 Kf5 44. a4 bxa4 45. bxa4 Ra5 46. Rb5+ Rxb5
47. axb5 Ke5 48. Kf3 g5 49. b6 Kd6 50. h4 h6 51. Kg4 Kc6 52. hxg5 hxg5 {White
resigns} 0-1

[Event "Team 45 45 League T60"]
[Site "Internet Chess Club"]
[Date "2014.03.29"]
[Round "5"]
[White "room-matt"]
[Black "spongenotbob"]
[Result "1-0"]
[WhiteElo "1872"]
[BlackElo "1951"]
[Opening "Caro-Kann: Goldman (Spielmann) variation"]
[ECO "B11"]
[Time "16:06:38"]
[TimeControl "2700+45"]

1. e4 c6 2. Nc3 d5 3. Qf3 d4 4. Bc4 e6 5. Nce2 c5 6. d3 Nc6 7. Bf4 Nge7 8. O-O-O
Ng6 9. Qg3 Nxf4 10. Nxf4 Bd6 11. h4 Qf6 12. Nge2 a6 13. a3 Ne5 14. Bb3 Qh6 15.
Qg5 Qxg5 16. hxg5 Nc6 17. g6 h6 18. gxf7+ Kxf7 19. Rh3 g5 20. Nh5 Kg6 21. f4 Bd7
22. e5 Be7 23. Rf1 Raf8 24. Rfh1 Rf7 25. g3 g4 26. R3h2 Nd8 27. Re1 Rf5 28. Nf6
Bxf6 29. exf6 Rxf6 30. c3 Nc6 31. Bd1 e5 32. Kd2 Re8 33. Rhh1 e4 34. dxe4 Rd6
35. e5 dxc3+ 36. Kxc3 Rde6 37. Bc2+ Kg7 38. Bf5 R6e7 39. Bxd7 Rxd7 40. Rh4 Red8
41. Rxg4+ Kh7 42. Nc1 b5 43. f5 Rd2 44. f6 b4+ 45. axb4 cxb4+ 46. Kb3 Nd4+ 47.
Ka2 Ne6 48. Rxb4 a5 49. Rb7+ R2d7 50. Rb6 Re8 51. Ra6 Rd5 52. f7 {Black resigns}
1-0